 Dungeon Crawl Stone Soup version 0.25-a0-474-ga8a2ee3166 (webtiles) character file.

Game seed: 18096686281347156295, levelgen mode: classic

1177 EnegeticOcto the Cutter (level 8, -13/58 HPs)
             Began as a Human Earth Elementalist on Feb 8, 2020.
             Was a Priest of Wu Jian.
             Hit by a large rock thrown by a cyclops (37 damage)
             ... on level 6 of the Dungeon.
             The game lasted 00:15:45 (5766 turns).

EnegeticOcto the Cutter (Human Earth Elementalist)  Turns: 5766, Time: 00:15:45

Health: -13/58     AC:  6    Str: 10    XL:     8   Next: 69%
Magic:  11/11      EV: 13    Int: 17    God:    Wu Jian [***...]
Gold:   359        SH:  0    Dex: 13    Spells: 5/11 levels left

rFire    . . .     SeeInvis .   a - +3 dagger (venom)
rCold    . . .     Gourm    .   (no shield)
rNeg     . . .     Faith    .   c - +0 robe
rPois    .         Spirit   .   p - +1 helmet
rElec    .         Reflect  .   k - +0 cloak
rCorr    .         Harm     .   u - +0 pair of gloves
MR       .....                  (no boots)
Stlth    +++.......             (no amulet)
HPRegen  0.19/turn              g - +4 ring of slaying
MPRegen  0.12/turn              (no ring)

@: no status effects
A: no striking features
a: Wall Jump, Serpent's Lash, Renounce Religion


You were on level 6 of the Dungeon.
You worshipped Wu Jian.
Wu Jian was most pleased with you.
You were not hungry.

You visited 1 branch of the dungeon, and saw 6 of its levels.

You collected 359 gold pieces.

Inventory:

Hand Weapons
 a - a +3 dagger of venom (weapon)
 b - a +3 shortbow
 l - a +2 short sword of holy wrath
 s - a +0 short sword of venom
Missiles
 t - 75 stones (quivered)
 v - 14 arrows
Armour
 c - a +0 robe (worn)
 k - a +0 cloak (worn)
 p - a +1 helmet (worn)
 u - a +0 pair of gloves (worn)
Jewellery
 g - a +4 ring of slaying (left hand)
Wands
 x - a wand of polymorph (8)
Scrolls
 d - 2 scrolls of remove curse {@r2}
 j - 2 scrolls of fog {!r}
 q - a scroll of amnesia
 w - a scroll of magic mapping {@r5 !r}
Potions
 h - 2 potions of lignification {@q6}
 i - 2 potions of resistance
 m - a potion of ambrosia
 n - a potion of magic
 z - a potion of mutation
Comestibles
 e - 8 rations


   Skills:
 + Level 3.3 Fighting
 + Level 6.9 Short Blades
 + Level 2.4 Dodging
 - Level 5.0 Stealth
 - Level 2.0 Spellcasting
 - Level 1.7 Conjurations
 - Level 1.0 Transmutations
 - Level 3.5 Earth Magic
 + Level 1.1 Evocations


You had 5 spell levels left.
You knew the following spells:

 Your Spells              Type           Power        Failure   Level  Hunger
a - Sandblast             Erth           ##....       4%          1    #......
b - Stone Arrow           Conj/Erth      ##....       21%         3    ###....
p - Passwall              Tmut/Erth      #.......     12%         2    ###....

Your spell library contained the following spells:

 Spells                   Type           Power        Failure   Level  Hunger
 Petrify                  Tmut/Erth      #.......     58%         4    #####..
 Lee's Rapid Deconstruct  Erth           ##........   77%         5    ######.


Dungeon Overview and Level Annotations

Branches:
Dungeon (6/15)             Temple (0/1) D:5

Altars:
Elyvilon
Makhleb
Qazlal
Trog
Wu Jian
Zin

Annotations:
D:2 2 transporters
D:4 Dowan, Duvessa
D:5 1 exclusion


Message History

You shoot an arrow. The arrow hits the adder.
The adder is almost dead.
You hear a croak.
A bullfrog comes into view.
The adder bites you but does no damage.
Your +2 dagger of venom begins to drip with poison!
a - a +2 dagger of venom (weapon)
The adder bites you but does no damage.
You spin and attack the adder repeatedly.
You hit the adder.
You kill the adder!
The Council accepts your kill.
You see here 11 gold pieces.
An orc comes into view. It is wielding a +0 morningstar.
The bullfrog barely misses you.
The orc moves out of view.
You hit the bullfrog.
The bullfrog is poisoned.
The bullfrog is lightly wounded.
The bullfrog hits you.
You hit the bullfrog.
The bullfrog looks as sick as possible!
The bullfrog is moderately wounded.
An ogre comes into view. It is wielding a +0 giant spiked club.
The bullfrog hits you.
You closely miss the bullfrog.
The bullfrog is moderately wounded.
The bullfrog closely misses you.
You hit the bullfrog.
The bullfrog looks as sick as possible!
The bullfrog is heavily wounded.
The bullfrog hits you.
A cyclops comes into view.
You spin and attack the bullfrog repeatedly.
You puncture the bullfrog!
The bullfrog is almost dead.
You puncture the bullfrog!
You kill the bullfrog!
The Council accepts your kill.
Okay, then.
Okay, then.
Okay, then.
Okay, then.
As you read the scroll labeled XUYRPH ZOIQO GAERR, it crumbles to dust.
The scroll dissolves into smoke.
It was a scroll of fog.
You hit the ogre.
The ogre is poisoned.
The ogre is lightly wounded.
The ogre barely misses you.
You puncture the ogre!
The ogre looks as sick as possible!
The ogre is heavily wounded.
The cyclops hits you!!
You hear a shout!
You spin and attack the cyclops repeatedly.
You hit the cyclops.
The cyclops is poisoned.
The cyclops is lightly wounded.
You hit the cyclops.
The cyclops looks as sick as possible!
The cyclops is lightly wounded.
You hear a shout!
You kill the ogre!
The Council accepts your kill.
Your Evocations skill increases to level 1!
The cyclops throws a large rock.
The large rock closely misses you.
An orc comes into view. It is wielding a +0 dagger.
The orc shouts!
The orc throws a stone.
The stone hits you but does no damage.
You see here a stone.
You spin and attack the orc.
You closely miss the orc. The orc misses you.
The orc throws a stone.
The stone hits you but does no damage.
You see here a stone.
Okay, then.
As you read the scroll labeled NOIS ZYOMALA, it crumbles to dust.
The air around you briefly surges with heat, but it dissipates.
It was a scroll of immolation.
As you read the scroll labeled NOTEFA CEIL, it crumbles to dust.
It is a scroll of enchant weapon.
Your +2 dagger of venom glows red for a moment.
The orc throws a stone.
The stone hits you but does no damage.
Okay, then.
Okay, then.
Okay, then.
Okay, then.
Press: ? - help, . - travel, g - get item You can't see that place. [Stash: a +0 giant spiked club] [the floor.]
The orc throws a stone.
The stone misses you.
The orc throws a stone.
The stone hits you but does no damage.
You start resting.
The orc is too close now for your liking.
The orc throws a stone.
The stone hits you.
The orc throws a stone.
The stone closely misses you. The orc barely misses you.
You puncture the orc!
You kill the orc!
The Council accepts your kill.
t - 75 stones (gained 6)
Items here: )) [ † a +0 dagger; a +0 hand crossbow; a +0 leather armour; an orc corpse You start resting.
The orc is too close now for your liking.
The cyclops shouts!
The cyclops throws a large rock.
The large rock hits you!!!
Ouch! That really hurt!
You die...

##### ##...##
##.....#####
##...#....(.#
####..o.#......#
##(...@..#......#
##.....#...(.....#
######......#)###(....#
#..(.(.....(#.........#
#...$...#.....#...####
#### #.......#(###.#...#
...###....(..#(....#...#
..........#..C..#......#
##........#o###$# ###..#


You could see a cyclops and an orc (wandering).

Vanquished Creatures
  A sky beast (D:5)
  A centaur (D:6)
  3 ogres
  A bullfrog (D:6)
  A scorpion (D:6)
  2 crimson imps (D:5)
  A quasit (D:6)
  A bullfrog skeleton (D:4)
  A jelly (D:6)
  3 orc priests (D:5)
  2 orc wizards
  3 worker ants
  A hound zombie (D:5)
  2 worker ant zombies
  7 adders
  3 river rats (D:3)
  An ooze (D:3)
  4 worms
  4 dart slugs
  5 leopard geckos
  12 orcs
  2 ball pythons
  10 bats
  9 giant cockroaches
  7 goblins
  4 hobgoblins (D:1)
  3 jackals (D:3)
  4 kobolds
  2 quokkas (D:2)
  7 frilled lizards
  2 leopard gecko skeletons
  15 rats
124 creatures vanquished.

Notes
Turn   | Place    | Note
-------+----------+-------------------------------------------
     0 | D:1      | EnegeticOcto the Human Earth Elementalist began the quest
                  | for the Orb.
     0 | D:1      | Reached XP level 1. HP: 13/13 MP: 3/3
   362 | D:1      | Reached XP level 2. HP: 11/19 MP: 1/5
  1313 | D:2      | Found a faded altar of an unknown god.
  1315 | D:2      | Reached XP level 3. HP: 24/24 MP: 6/6
  1391 | D:2      | Learned a level 3 spell: Stone Arrow
  1548 | D:2      | Became a worshipper of the Wu Jian Council
  1548 | D:2      | Reached * piety under Wu Jian
  1560 | D:2      | Found a transporter.
  1564 | D:2      | Noticed a vampire
  1566 | D:2      | Found a transporter.
  1573 | D:2      | Noticed a centaur
  1575 | D:2      | Found a white marble altar of Elyvilon.
  1576 | D:2      | Found a burning altar of Makhleb.
  1816 | D:2      | Reached skill level 1 in Conjurations
  2156 | D:2      | Reached XP level 4. HP: 26/30 MP: 3/7
  2453 | D:2      | Found a glowing silver altar of Zin.
  2651 | D:2      | Learned a level 2 spell: Passwall
  2725 | D:3      | Reached ** piety under Wu Jian
  2905 | D:3      | Reached skill level 1 in Short Blades
  2906 | D:3      | Reached skill level 1 in Fighting
  2984 | D:3      | Reached XP level 5. HP: 31/37 MP: 6/8
  3360 | D:3      | Reached skill level 2 in Short Blades
  3765 | D:3      | Reached XP level 6. HP: 46/46 MP: 9/9
  4007 | D:4      | Noticed Duvessa
  4007 | D:4      | Noticed Dowan
  4007 | D:4      | Noticed an ice beast
  4328 | D:4      | Reached skill level 3 in Short Blades
  4350 | D:5      | Entered Level 5 of the Dungeon
  4477 | D:6      | Noticed an ogre
  4482 | D:6      | Reached XP level 7. HP: 23/52 MP: 10/10
  4494 | D:6      | Reached *** piety under Wu Jian
  4499 | D:6      | Reached skill level 4 in Short Blades
  4629 | D:6      | Reached skill level 5 in Stealth
  4710 | D:6      | Found a stormy altar of Qazlal.
  4867 | D:5      | Reached skill level 5 in Short Blades
  4867 | D:5      | Reached XP level 8. HP: 58/58 MP: 11/11
  4904 | D:5      | Found a staircase to the Ecumenical Temple.
  5154 | D:5      | Reached skill level 6 in Short Blades
  5485 | D:5      | Noticed a moth of wrath
  5490 | D:5      | Found a bloodstained altar of Trog.
  5724 | D:6      | Noticed a cyclops
  5735 | D:6      | Reached skill level 1 in Evocations
  5766 | D:6      | Hit by a large rock thrown by a cyclops

Levels and vault maps discovered:
D:1:      dpeg_arrival_shrine, layout_basic
D:2:      layout_loops_corners, gammafunk_temple_overflow_arena,
          zin_scriptorium, chequers_ecumenical_altar_simple
D:3:      layout_basic, gup_sewer_entry_spiral
D:4:      layout_rooms, lemuel_coloured_pillars_altar, kennysheep_little_box,
          uniq_ijyb, uniq_duvessa, uniq_pikel
D:5:      layout_loops_ring, minmay_temple_entry_sparse_star, first_ration,
          tgw_trog
D:6:      hangedman_cross_stitches, layout_rooms, grunt_qazlal_clouds,
          minmay_chambers_of_fives, uniq_crazy_yiuf_cottage

Skill      XL: |  1  2  3  4  5  6  7  8 |
---------------+-------------------------+-----
Stealth        | 3 4 5 |  5.0
Conjurations   | 1 |  1.7
Short Blades   | 1 2 3 5 6 |  6.9
Fighting       | 1 2 3 |  3.3
Evocations     | 1 |  1.1
Dodging        | |  2.4
Spellcasting   | |  2.0
Transmutations | |  1.0
Earth Magic    | |  3.5

Action                   |  1- 3 |  4- 6 |  7- 9 || total
-------------------------+-------+-------+-------++-------
Melee: Dagger            |   107 |     5 |    48 ||   160
       Short sword       |       |   126 |       ||   126
 Fire: Shortbow          |       |       |    51 ||    51
 Cast: Sandblast         |    16 |    14 |     4 ||    34
       Stone Arrow       |     4 |    14 |     4 ||    22
Invok: Lunge             |    15 |    21 |     4 ||    40
       Whirlwind         |       |    28 |     6 ||    34
  Use: Scroll            |       |     6 |     6 ||    12
       Potion            |       |     1 |     3 ||     4
 Stab: Sleeping          |    11 |    15 |       ||    26
  Eat: Chunk             |     4 |     7 |     3 ||    14
       Ration            |       |     1 |     1 ||     2
Armor: Robe              |    13 |    42 |    24 ||    79
       Skin              |       |       |    23 ||    23
Dodge: Dodged            |    58 |    95 |    43 ||   196

Table legend:
 A = Non-vault XP
 B = Vault XP
 C = Vault XP percentage of total XP
 D = Non-vault monster count
 E = Vault monster count
 F = Vault count percentage of total count
                 A         B        C        D         E       F
            +---------+---------+-------+---------+---------+-------
      Total |    1369 |     313 |  18.6 |     110 |      14 |  11.3
            +---------+---------+-------+---------+---------+-------
        D:1 |      26 |       0 |   0.0 |      15 |       0 |   0.0
        D:2 |      58 |       0 |   0.0 |      32 |       0 |   0.0
        D:3 |     103 |      82 |  44.3 |      33 |       8 |  19.5
        D:4 |     153 |       0 |   0.0 |       9 |       0 |   0.0
        D:5 |     590 |       0 |   0.0 |      12 |       0 |   0.0
        D:6 |     439 |     231 |  34.5 |       9 |       6 |  40.0
            +---------+---------+-------+---------+---------+-------
